[Event "93rd German Championship 2022"]
[Site "Magdeburg"]
[Date "2022.08.18"]
[Round "7.17"]
[White "Pahl, Erik"]
[Black "Arnold, Max"]
[Result "0-1"]
[ECO "C78"]
[WhiteElo "2203"]
[BlackElo "2350"]
[Annotator "TA"]
[PlyCount "76"]
[EventDate "2022.08.14"]
[EventType "swiss"]
[EventCountry "GER"]
[SourceTitle "playchess.com"]
[Source "ChessBase"]
[SourceQuality "1"]
[TimeControl "40/5400+30:1800+30"]

1. e4 {Giri,Anish} e5 2. Nf3 Nc6 3. Bb5 a6 4. Ba4 Nf6 5. O-O b5 6. Bb3 Bc5 7. c3 d6 8. a4 Rb8 9. d4 Bb6 10. a5 {[%emt 0:03:24] C78: Ruy Lopez: Archangelsk and Möller Defences.} Ba7 (10... Bxa5 $2 11. dxe5 (11. d5 Ne7 $18) 11... dxe5 12. Qxd8+ Kxd8 13. Bd5 (13. Bxf7 Bb6 $16) 13... Nxd5 14. exd5 $18) 11. h3 Bb7 12. Be3 {[%emt 0:04:51] Black must now prevent d5. The position is equal.} Nxe4 13. d5 Bxe3 14. dxc6 Nxf2 $1 15. Qe2 Nxh3+ $1 16. Kh1 Nf2+ 17. Rxf2 Bxf2 18. Qxf2 Bxc6 {[%emt 0:06:38] [#] And now ...0-0 would win.} 19. Nxe5 $1 Bxg2+ $1 20. Kg1 $1 ({Much worse is} 20. Kxg2 Qg5+ 21. Kf1 (21. Ng4 $2 Qxg4+ 22. Qg3 Qe2+ 23. Qf2 Qe4+ 24. Kg1 Qg6+ 25. Qg2 Kd7 $19) 21... Qxe5 $17) 20... Qf6 {[%emt 0:18:00] Strongly threatening ...Qxf2+.} 21. Nxf7 Qxf2+ 22. Kxf2 Rf8 23. Kxg2 {[%emt 0:00:14] Hoping for Ng5.} Rxf7 24. Bxf7+ Kxf7 $14 {[%emt 0:00:10][%mdl 4096] Endgame KRN-KR} 25. Nd2 {[%emt 0:00:18] [#]} Ke6 $146 ({Predecessor:} 25... Re8 26. Rf1+ Kg6 27. Kf2 h5 28. Rg1+ Kf6 29. Kf3 g6 30. Ne4+ Kg7 31. Nf2 Rf8+ {1-0 (50) Duda,J (2738)-Vidit,S (2726) Krasnaya Polyana 2021 CBM 203 [Giri,Anish]}) 26. Re1+ Kd7 27. Rf1 Re8 28. Rf7+ Re7 29. Rxe7+ Kxe7 $11 {[%emt 0:00:01] KN-KP} 30. c4 $2 (30. Kf3 $11) 30... bxc4 $19 31. Nxc4 {[%emt 0:01:13] [#]} Kd7 $1 32. b4 $2 (32. Ne3 Kc6 33. Nf5) 32... Kc6 {[%emt 0:03:51] Black is clearly winning.} 33. Na3 h5 34. Kg3 g5 35. Kf3 d5 36. Nc2 Kb5 37. Kg3 c5 38. bxc5 Kxc5 {[%emt 0:00:10] Weighted Error Value: White=0.62/Black=0.05 (flawless)} 0-1

[Event "93rd German Championship 2022"]
[Site "Magdeburg"]
[Date "2022.08.18"]
[Round "7.18"]
[White "Stricker, Florian"]
[Black "Colbow, Collin"]
[Result "0-1"]
[ECO "B23"]
[WhiteElo "2182"]
[BlackElo "2325"]
[Annotator "TA"]
[PlyCount "58"]
[EventDate "2022.08.14"]
[EventType "swiss"]
[EventCountry "GER"]
[SourceTitle "playchess.com"]
[Source "ChessBase"]
[SourceQuality "1"]
[TimeControl "40/5400+30:1800+30"]

1. e4 c5 2. Nc3 e6 3. Nge2 Nc6 4. g3 Nf6 5. Bg2 d5 6. exd5 exd5 7. d4 cxd4 8. Nxd4 Bg4 9. Qd3 Bc5 10. Nxc6 bxc6 11. O-O O-O 12. Na4 {[%emt 0:01:45] B24: Closed Sicilian: 3 g3 sidelines.} Bd6 13. Be3 Re8 {[%emt 0:02:43] [#]} 14. Rfe1 $146 {[%emt 0:04:54] The position is equal.} ({Predecessor:} 14. Qc3 Be5 15. Bd4 Ne4 16. Qd3 Be2 17. Qxe2 Bxd4 18. Bxe4 Rxe4 19. Qa6 Qc8 20. Qa5 {1-0 (52) Stevic,H (2610)-Gdanski,J (2527) Rijeka 2010}) 14... Nd7 15. Bd4 (15. Qc3 $11) 15... Qa5 $15 16. Rxe8+ Rxe8 17. h3 Be2 18. Qf5 Qd8 $36 {[%emt 0:01:13][%mdl 2048] Strongly threatening ...g6. Black fights for an advantage.} 19. c3 {[%emt 0:07:57] [#]} Re4 20. Bxg7 ({Don't blunder} 20. Bxe4 $2 g6 21. Qxd7 Qxd7 $19) (20. h4 $1 $11 {was the only way to keep the balance.} Re7 21. b3) 20... Rxa4 $17 {[%emt 0:03:32] Active counter play!} ({Of course not} 20... Kxg7 $6 21. Bxe4 dxe4 22. Qxe4 $11) 21. Bd4 {[%emt 0:02:25] [#]} c5 (21... Bc5 $1 $17 22. b3 Ra3 23. Bxc5 Nxc5) 22. Bxd5 $4 {[%emt 0:03:18][%mdl 8192] Loses the game.} cxd4 $19 23. Qxf7+ (23. Bc6 $142 Rc4 24. Bxd7) 23... Kh8 {[%emt 0:00:34] Threatens to win with ...d3. Black is clearly winning.} 24. Bb3 Ne5 25. Qd5 Nf3+ 26. Kg2 Ra5 27. Qe6 Re5 28. Qf7 d3 {[%emt 0:01:30] And now ...Ng5 would win.} 29. Bd1 Qf8 {[%emt 0:01:20] Weighted Error Value: White=1.29/Black=0.13 (very precise)} 0-1

[Event "93rd German Championship 2022"]
[Site "Magdeburg"]
[Date "2022.08.18"]
[Round "7.19"]
[White "Tschernatsch, Johannes"]
[Black "Becker, Stefan"]
[Result "1-0"]
[ECO "B40"]
[WhiteElo "2296"]
[BlackElo "2101"]
[Annotator "NA RC"]
[PlyCount "63"]
[EventDate "2022.08.14"]
[EventType "swiss"]
[EventCountry "GER"]
[SourceTitle "playchess.com"]
[Source "ChessBase"]
[SourceQuality "1"]
[TimeControl "40/5400+30:1800+30"]

1. e4 c5 2. Nf3 e6 3. g3 Nc6 4. Bg2 Nf6 5. Qe2 e5 6. O-O Be7 7. c3 O-O 8. Na3 Re8 9. d3 Bf8 10. Bg5 h6 11. Bxf6 Qxf6 12. Nc4 d6 13. Ne3 Be6 14. Nd2 Qd8 15. f4 exf4 16. gxf4 f6 17. Bf3 Bf7 18. Qg2 Ne7 19. Kh1 Qd7 20. Rg1 Rad8 21. c4 f5 22. b3 Qe6 23. Raf1 b6 24. Bd1 Qf6 25. Rf3 Rd7 26. Rg3 Be6 27. Bh5 Red8 28. Nf3 Qc3 29. Nh4 fxe4 30. dxe4 Qf6 31. f5 Bf7 32. Ng4 1-0

[Event "93rd German Championship 2022"]
[Site "Magdeburg"]
[Date "2022.08.18"]
[Round "7.20"]
[White "Yi, Danny"]
[Black "Burian, Simon"]
[Result "1/2-1/2"]
[ECO "B32"]
[WhiteElo "2273"]
[BlackElo "2189"]
[Annotator "NA RC"]
[PlyCount "118"]
[EventDate "2022.08.14"]
[EventType "swiss"]
[EventCountry "GER"]
[SourceTitle "playchess.com"]
[Source "ChessBase"]
[SourceQuality "1"]
[TimeControl "40/5400+30:1800+30"]

1. e4 c5 2. Nf3 Nc6 3. d4 cxd4 4. Nxd4 Qb6 5. Nb3 Nf6 6. Bd3 e6 7. O-O a6 8. c4 Be7 9. Nc3 Qc7 10. Be3 Ne5 11. f3 Nxd3 12. Qxd3 d6 13. Rfc1 O-O 14. Na4 Nd7 15. c5 dxc5 16. Nbxc5 Nxc5 17. Bxc5 b5 18. Be3 Qd8 19. Qxd8 Rxd8 20. Nb6 Rb8 21. e5 Bb4 22. Rd1 Rxd1+ 23. Rxd1 Bb7 24. Nd7 Rc8 25. a3 Ba5 26. Bb6 Bxb6+ 27. Nxb6 Rb8 28. b4 Bc6 29. Rd6 Be8 30. Kf2 g5 31. g3 Kg7 32. Ke3 Rb7 33. Kd3 Rc7 34. f4 gxf4 35. gxf4 Rc1 36. Kd2 Ra1 37. Na8 Ra2+ 38. Ke1 f6 39. Rxe6 Bf7 40. exf6+ Kg6 41. Rxa6 Rxh2 42. Nc7 Bc4 43. f5+ Kxf5 44. Nxb5 Kg6 45. f7+ Kg7 46. Ra8 Bxf7 47. Nd6 Bd5 48. Ra5 Bf3 49. Rf5 Ba8 50. a4 Ra2 51. a5 Ra4 52. Rf4 Kg6 53. Kd2 Kg5 54. Rd4 h5 55. Kc3 h4 56. Nf7+ Kh5 57. Rd8 Bg2 58. Rh8+ Kg4 59. Rg8+ Kh3 1/2-1/2

[Event "93rd German Championship 2022"]
[Site "Magdeburg"]
[Date "2022.08.18"]
[Round "7.21"]
[White "Feidt, Jonas"]
[Black "Koehler, Christian Friedrich"]
[Result "0-1"]
[ECO "A10"]
[WhiteElo "1901"]
[BlackElo "2285"]
[Annotator "NA RC"]
[PlyCount "78"]
[EventDate "2022.08.14"]
[EventType "swiss"]
[EventCountry "GER"]
[SourceTitle "playchess.com"]
[Source "ChessBase"]
[SourceQuality "1"]
[TimeControl "40/5400+30:1800+30"]

1. c4 f5 2. g3 Nf6 3. Bg2 g6 4. Nc3 Bg7 5. d3 d6 6. e4 O-O 7. Nge2 c6 8. O-O Na6 9. h3 e5 10. Be3 f4 11. gxf4 Nh5 12. Qd2 Be6 13. fxe5 dxe5 14. f4 exf4 15. Nxf4 Nxf4 16. Rxf4 Qd7 17. h4 Rxf4 18. Bxf4 Rd8 19. Rd1 Bd4+ 20. Kh1 Bg4 21. Ne2 Bf3 22. Nxd4 Bxd1 23. Nxc6 Qxc6 24. Qxd1 Qxc4 25. dxc4 Rxd1+ 26. Kh2 Rd4 27. b3 b6 28. Bg5 Kf7 29. e5 Ke6 30. Bf6 Nb4 31. a3 Nd3 32. Bh3+ Kf7 33. Kg3 Re4 34. Kf3 Re1 35. Bh8 Nxe5+ 36. Kf2 Nd3+ 37. Kf3 Rb1 38. Ke3 Rxb3 39. Kd4 Nf4 0-1

[Event "93rd German Championship 2022"]
[Site "Magdeburg"]
[Date "2022.08.18"]
[Round "7.22"]
[White "Eichstaedt, Mirko"]
[Black "Westphal, Wolfgang"]
[Result "1/2-1/2"]
[ECO "A46"]
[WhiteElo "2223"]
[BlackElo "2175"]
[Annotator "NA RC"]
[PlyCount "81"]
[EventDate "2022.08.14"]
[EventType "swiss"]
[EventCountry "GER"]
[SourceTitle "playchess.com"]
[Source "ChessBase"]
[SourceQuality "1"]
[TimeControl "40/5400+30:1800+30"]

1. d4 Nf6 2. Nf3 d6 3. g3 Nbd7 4. Nc3 c6 5. Bg2 e5 6. e4 Be7 7. O-O O-O 8. a4 a5 9. Re1 Re8 10. b3 Bf8 11. Ba3 Qc7 12. Qd2 Rb8 13. h3 b5 14. dxe5 dxe5 15. Bxf8 Kxf8 16. axb5 cxb5 17. Nd5 Nxd5 18. exd5 b4 19. Ng5 Nf6 20. d6 Qc5 21. Qe3 Qxd6 22. Rxa5 Bf5 23. Ra7 Bg6 24. Be4 Nxe4 25. Nxe4 Qd4 26. Nc5 Kg8 27. Qxd4 exd4 28. Rxe8+ Rxe8 29. Nd3 h5 30. Rb7 Re2 31. Rb8+ Kh7 32. Nf4 Re1+ 33. Kg2 Bxc2 34. Rxb4 d3 35. Rd4 Rb1 36. b4 g6 37. Rd7 Kg7 38. Nxd3 Bxd3 39. Rxd3 Rxb4 40. h4 Rc4 41. Rd6 1/2-1/2

[Event "93rd German Championship 2022"]
[Site "Magdeburg"]
[Date "2022.08.19"]
[Round "8.1"]
[White "Roseneck, Jonas"]
[Black "Parvanyan, Ashot"]
[Result "1/2-1/2"]
[ECO "A28"]
[WhiteElo "2384"]
[BlackElo "2428"]
[Annotator "TA"]
[PlyCount "122"]
[EventDate "2022.08.14"]
[EventType "swiss"]
[EventCountry "GER"]
[SourceTitle "playchess.com"]
[Source "ChessBase"]
[SourceQuality "1"]
[TimeControl "40/5400+30:1800+30"]

1. c4 Nf6 2. Nc3 e5 3. Nf3 Nc6 4. e3 g6 5. d4 d6 6. Be2 Bg7 7. O-O O-O 8. a3 $1 {[%emt 0:01:01][%mdl 4] outshines the older 8.d5. A25: English Opening vs King's Indian with ...Nc6 but without early d3.} a5 9. b3 (9. d5 $5 Ne7 10. e4 $11) 9... Bf5 10. Bb2 {[%emt 0:01:40] [#]} exd4 $146 ({Predecessor:} 10... Re8 11. d5 Nb8 12. b4 axb4 13. axb4 Rxa1 14. Qxa1 Na6 15. Qa4 Bd7 16. Qb3 h6 {1-0 (31) Cornell,D-Rudin,L USA 1990}) 11. exd4 d5 12. Ne5 dxc4 13. Nxc6 bxc6 14. bxc4 Rb8 15. Ra2 Ne4 16. Nxe4 Bxe4 17. Bf3 (17. Qd2 $11) 17... Bxf3 $1 $17 18. Qxf3 c5 ({Weaker is} 18... Bxd4 19. Bxd4 Qxd4 20. Qxc6 $15) 19. a4 cxd4 20. Ba3 Re8 21. Rd2 Qd7 22. Bc5 Qxa4 23. Bxd4 Qxc4 24. Bxg7 Kxg7 25. h3 Red8 26. Rxd8 Rxd8 $19 {[%emt 0:00:03][%mdl 4096] Endgame KQR-KQR} 27. Qa3 a4 28. Rc1 Qb3 29. Qa1+ Kg8 30. Kh2 Qb4 31. g3 a3 32. Rxc7 Qb2 {[%emt 0:00:23] Prevents Qf6.} 33. Qxb2 axb2 {[%emt 0:00:04] KR-KR} 34. Rb7 Rd2 35. Kg2 Kg7 36. Kf3 Kf6 37. Ke3 Rc2 38. f4 h5 39. g4 {[%emt 0:01:03] [#]} h4 (39... Ke6 $1 $19 {[%cal Re6d5] has better winning chances. Strongly threatening ...Kd5.} 40. Ke4 Kd6) 40. Ke4 (40. g5+ $17 {might work better.} Ke6 41. Kd3) 40... Ke6 41. Rb6+ Kd7 42. Ke5 Re2+ 43. Kd5 Rd2+ 44. Kc5 Ke7 45. f5 (45. Kc4 $142) 45... gxf5 46. gxf5 Kf8 47. Kc4 Kg7 48. Kc3 {[%emt 0:00:00] [#]} Rf2 (48... Rh2 $1 $19 49. Kd4 Rxh3 50. Rxb2 Kf6) 49. Kd4 $11 f6 ({Don't play} 49... Rxf5 $6 50. Ke3 $17) 50. Ke4 Kf7 51. Rb7+ Ke8 {[%emt 0:00:29] With the idea ...Kd8.} 52. Ke3 Rc2 {[%emt 0:00:21] Threatening ...Kd8.} 53. Kd3 Rh2 54. Ke4 Kd8 {[%emt 0:00:33] White should prevent ...Kc8.} 55. Kd5 $1 Kc8 56. Rb4 ({White must play} 56. Rb3 $1 $11) 56... Kd7 $2 ({Inferior is} 56... Rxh3 57. Rxb2 Re3 58. Rh2 $11) ({Black should try} 56... Kc7 $17 {And now ...Rf2 would win.} 57. Kd4 Rf2) 57. Rb7+ $1 Kc8 $2 (57... Kd8 $11) 58. Rb4 $17 Rxh3 $2 (58... Kc7 $17 {...Rf2 is the strong threat.} 59. Kd4 Rg2) 59. Rxb2 $11 {[%emt 0:00:39] The position is equal.} Re3 60. Kd4 Ra3 61. Rb6 Kd7 {[%emt 0:00:16] Whites escaped into a draw.  Weighted Error Value: White=0.24 (precise) /Black=0.25 (precise)} 1/2-1/2

[Event "93rd German Championship 2022"]
[Site "Magdeburg"]
[Date "2022.08.19"]
[Round "8.2"]
[White "Vogel, Roven"]
[Black "Costa, Leonardo"]
[Result "0-1"]
[ECO "D35"]
[WhiteElo "2465"]
[BlackElo "2316"]
[Annotator "TA"]
[PlyCount "132"]
[EventDate "2022.08.14"]
[EventType "swiss"]
[EventCountry "GER"]
[SourceTitle "playchess.com"]
[Source "ChessBase"]
[SourceQuality "1"]
[TimeControl "40/5400+30:1800+30"]

1. d4 Nf6 2. c4 e6 3. Nc3 d5 4. cxd5 exd5 5. Bg5 Be7 6. e3 O-O 7. Bd3 h6 8. Bh4 Re8 9. Nge2 {[%emt 0:00:16][%cal Bg1e2,Be2g3,Bg3f5][%mdl 32] D35: Queen's Gambit Declined: Exchange Variation.} Nbd7 10. O-O c6 11. f3 {[%emt 0:01:35] The position is equal.} b5 12. Bf2 Bb7 13. Rc1 a6 14. Ng3 c5 15. dxc5 Bxc5 16. Nf5 {[%emt 0:01:27] [#]} Qb6 $146 ({Predecessor:} 16... Rc8 17. a4 b4 18. Ne2 Ne5 19. Ned4 Bf8 20. Rxc8 {½-½ (20) Samunenkov,I (2433)-Nisipeanu,L (2645) Targu Mures 2022}) 17. Ne2 g6 18. Nfd4 (18. Nxh6+ Kg7 19. Ng4 Nxg4 20. fxg4 Bxe3 $15) 18... Ne5 19. b3 Nxd3 20. Qxd3 Rac8 21. Qd2 b4 22. Nf4 Qd6 (22... a5 $11) 23. Nd3 $1 $16 {[%emt 0:00:51] Pair of Knights!} a5 (23... Bb6 $142) 24. Rxc5 Rxc5 25. Bg3 (25. Nxc5 Qxc5 26. Rc1 Qe7 $16) 25... Qb6 26. Nxc5 Qxc5 27. Rc1 Qa7 28. Rc7 Qa6 {[%emt 0:01:05] Prevents Nb5.} 29. Kf2 Nh5 30. Qc2 (30. Qc1 $142 $1) 30... Nxg3 31. hxg3 Ba8 (31... h5 $16 {keeps fighting.}) 32. Qc5 $18 Qd3 (32... Bb7 {was necessary.} 33. Qb5 Qxb5 34. Nxb5 Ba6) 33. Ne2 (33. Qc1 Qa6 34. Qf1 Qd6 $16) 33... Qa6 {[%emt 0:06:36] Against Rc8} 34. Ra7 Qd3 35. Rc7 Qa6 {[%emt 0:00:30] Prevents Rc8.} 36. Ra7 (36. Qd4 $142) 36... Qd3 37. Rxa5 Bb7 38. Qd4 Qc2 39. Qxb4 (39. g4 $142) 39... Ba6 40. Rxa6 Qd3 41. Qb6 d4 42. Qxd4 Qxa6 $16 {[%emt 0:00:16][%mdl 4096] Endgame KQR-KQN} 43. Qd2 Qa3 44. Nc3 Ra8 45. g4 Qa5 46. Qb2 Qe5 {[%emt 0:00:00] And now ...Rc8 would win.} 47. Qd2 Qa5 48. a4 (48. Qb2 $11 {remains equal.}) 48... Rd8 $17 49. Qb2 Qe5 50. Ke2 Qg3 $36 {[%emt 0:00:00][%mdl 2048] Black has strong initiative. Black is much more active.} ({Much worse is} 50... Qd6 $6 51. Ne4 Qh2 52. Kf2 $11 (52. Nf6+ Kf8 $11)) 51. Ne4 ({Don't go for} 51. Kf1 $2 Rd3 52. Qc2 Rxe3 $19) 51... Qxg2+ 52. Nf2 h5 53. gxh5 gxh5 54. a5 {[%emt 0:00:00] [#]} (54. Qc2 $15) 54... h4 $1 {[%emt 0:00:00] ...h3 is the strong threat.} 55. Qf6 {[%emt 0:00:00] [#]} Rc8 {[%emt 0:00:00] Threatens to win with ...Rc2+.} 56. Qxh4 $2 (56. Qf5 $17 Rc3 57. b4) 56... Rc2+ $19 {[%emt 0:00:00][%mdl 64] Deflection} 57. Kd3 Rxf2 58. Qg4+ $2 (58. Qd8+ $19 Kg7 59. Qd4+ f6 60. Qe4 Qf1+ 61. Kc3 Qc1+ 62. Kb4 Qd2+ 63. Ka4 Qd7+ 64. Kb4) 58... Qxg4 {[%emt 0:00:00] Black mates.} 59. fxg4 {[%emt 0:00:00] KR-KP} Kf8 60. b4 Ke7 61. Kc4 Kd6 62. Kb5 Kc7 63. Kc5 Rg2 64. b5 Rxg4 65. b6+ Kb7 66. Kd5 Ra4 {[%emt 0:00:03] Black used his chance.  Weighted Error Value: White=0.43/Black=0.10 (very precise)} 0-1

[Event "93rd German Championship 2022"]
[Site "Magdeburg"]
[Date "2022.08.19"]
[Round "8.3"]
[White "Poetsch, Hagen"]
[Black "Schulz, Lukas"]
[Result "1/2-1/2"]
[ECO "E71"]
[WhiteElo "2500"]
[BlackElo "2272"]
[Annotator "TA"]
[PlyCount "67"]
[EventDate "2022.08.14"]
[EventType "swiss"]
[EventCountry "GER"]
[SourceTitle "playchess.com"]
[Source "ChessBase"]
[SourceQuality "1"]
[TimeControl "40/5400+30:1800+30"]

1. d4 Nf6 2. c4 g6 3. Nc3 Bg7 4. e4 d6 5. h3 O-O 6. Be3 e5 7. d5 Nbd7 8. g4 $1 {[%emt 0:00:58][%mdl 4] is more profitable than 8.Nf3 at the moment. E71: King's Indian: 4 e4 d6 5 h3.} Nc5 9. f3 a5 10. Nge2 {[%emt 0:00:24] White is slightly better.} Ne8 11. h4 f5 12. exf5 gxf5 13. g5 {[%emt 0:02:04] [#]} (13. gxf5 $16 Bf6 14. Bh3) 13... e4 $146 ({Predecessor:} 13... Qe7 14. Qd2 e4 15. f4 Nd3+ 16. Kd1 c5 17. Ng3 Nc7 18. Bxd3 exd3 19. Re1 Qf7 {1-0 (39) Milanovic,S (2310)-Kouvidis,I (2084) Belgrade 2022}) 14. Nf4 {[%emt 0:25:35] Prevents Nd3+.} Qe7 15. Bh3 ({White should play} 15. Bg2 $11) 15... a4 $15 16. Rc1 Be5 17. O-O Bxf4 (17... a3 $5 18. b3 Bxf4 19. Bxf4 Nd3 20. fxe4 Nxc1 21. Bxc1 fxe4 22. Rxf8+ Qxf8 23. Bxc8 Rxc8 $11) 18. Bxf4 Nd3 19. fxe4 fxe4 20. Bxc8 Rxc8 21. Qg4 Ng7 22. Rc2 ({White has to play} 22. Rb1 $11) 22... Nh5 23. Qxh5 $11 {[%emt 0:01:36] Qg4 is the strong threat.} Rxf4 24. Rxf4 Nxf4 25. Qg4 Rf8 $36 {[%emt 0:00:05][%mdl 2048] And now ...Qe5 would win. Black is pushing.} 26. Rf2 Qe5 27. Ne2 Nxe2+ 28. Rxe2 {[%emt 0:01:26][%mdl 4096] Endgame KQR-KQR} Rf4 29. Qc8+ Kg7 30. Qd7+ $2 {[%emt 0:00:14] [#]} ({Don't play} 30. Qxc7+ Rf7 31. Qa5 Qg3+ 32. Rg2 Qe3+ 33. Kh2 Qf4+ 34. Kg1 Qf1+ 35. Kh2 Qf4+ 36. Kg1 Qc1+ 37. Kh2 Qxc4 $17) (30. h5 $1 $11 {and White stays safe.}) 30... Rf7 (30... Kg6 $1 $19 {has better winning chances.} 31. Qe6+ Qxe6 32. dxe6 Rxh4) 31. Qg4 $17 Rf4 (31... a3 $17 {White must now prevent ...Qd4+.} 32. bxa3 Rf4) 32. Qd7+ $1 $19 {[%emt 0:00:05] [#]} Rf7 (32... Kg6 $1 $19 {and Black stays clearly on top. Strongly threatening ...e3.} 33. Qe6+ Qxe6 34. dxe6 Rxh4) 33. Qg4 $1 $17 Rf4 ({Better is} 33... a3 34. bxa3 Rf4 35. Qd7+ Kg6) 34. Qd7+ $1 {Weighted Error Value: White=0.24 (precise) /Black=0.35} 1/2-1/2

[Event "93rd German Championship 2022"]
[Site "Magdeburg"]
[Date "2022.08.19"]
[Round "8.4"]
[White "Krastev, Alexander"]
[Black "Wachinger, Nikolas"]
[Result "1/2-1/2"]
[ECO "B23"]
[WhiteElo "2435"]
[BlackElo "2437"]
[Annotator "TA"]
[PlyCount "80"]
[EventDate "2022.08.14"]
[EventType "swiss"]
[EventCountry "GER"]
[SourceTitle "playchess.com"]
[Source "ChessBase"]
[SourceQuality "1"]
[TimeControl "40/5400+30:1800+30"]

1. e4 c5 2. Nc3 d6 3. f4 g6 4. Nf3 Bg7 5. Bb5+ Bd7 6. Bc4 {[%emt 0:00:04] B23: Closed Sicilian: Lines without g3.} Nc6 7. d3 e6 8. f5 gxf5 9. exf5 d5 10. Bb5 Nge7 11. Bxc6 Bxc6 12. fxe6 fxe6 {[%emt 0:03:14] [#]} 13. Ng5 $146 {[%emt 0:08:47] 0-0 is the strong threat.} ({Predecessor:} 13. Qe2 O-O 14. Qxe6+ Kh8 15. Bg5 d4 16. Ne4 Qd5 17. Qg4 Qf5 18. h3 Qxg4 19. hxg4 Bxe4 20. Bxe7 {1-0 (79) Karthik,V (2485)-Imtiaz,I (2004) Guwahati 2022}) 13... Nf5 {[%emt 0:02:19] And now ...0-0 would win.} 14. Qh5+ Kd7 15. Bd2 ({Reject} 15. Qf7+ Qe7 16. Qxe7+ Kxe7 $17) 15... Qe8 16. Qh3 h6 17. Nf3 Qg6 18. O-O-O h5 19. g3 (19. Bf4 $11) 19... Qg4 $17 20. Qg2 {[%emt 0:00:05] [#]} d4 (20... Raf8 $1 $17 {Hoping for ...Nd6.} 21. Rhe1 Rhg8) 21. Ne4 $11 {[%emt 0:00:11] The position is equal.} Bxe4 22. dxe4 Qxe4 23. Rhe1 Qd5 24. Ne5+ Bxe5 25. Qxd5+ {[%emt 0:00:06][%mdl 64] [#] Remove Defender} exd5 26. Rxe5 Nd6 27. Rxd5 Kc6 28. Re5 Rae8 29. Rde1 Rxe5 30. Rxe5 {[%emt 0:00:02][%mdl 4096] Endgame KRB-KRN} Nc4 31. Re6+ Kd7 32. Re4 Nxd2 33. Kxd2 {[%emt 0:00:01] KR-KR} Rf8 34. Re5 Rf2+ 35. Kd3 c4+ 36. Kxd4 Rxh2 37. Kxc4 Rxc2+ 38. Kb3 Rg2 39. Rxh5 Rxg3+ 40. Kc4 Rg4+ {[%emt 0:00:31] Weighted Error Value: White=0.08 (flawless) /Black=0.07 (flawless)} 1/2-1/2

[Event "93rd German Championship 2022"]
[Site "Magdeburg"]
[Date "2022.08.19"]
[Round "8.5"]
[White "Burian, Simon"]
[Black "Becker, Michael"]
[Result "0-1"]
[ECO "A58"]
[WhiteElo "2189"]
[BlackElo "2270"]
[Annotator "TA"]
[PlyCount "48"]
[EventDate "2022.08.14"]
[EventType "swiss"]
[EventCountry "GER"]
[SourceTitle "playchess.com"]
[Source "ChessBase"]
[SourceQuality "1"]
[TimeControl "40/5400+30:1800+30"]

1. d4 Nf6 2. c4 c5 3. d5 b5 4. cxb5 a6 5. bxa6 g6 6. Nc3 Bxa6 7. e4 Bxf1 8. Kxf1 d6 9. Nf3 Nbd7 10. g3 Bg7 11. Kg2 O-O 12. a4 {[%emt 0:00:04] is cutting edge theory. A59: Benko/Volga Gambit: White castles by hand.} Ng4 ({Better is} 12... Qb6 $14) 13. Nd2 f5 14. exf5 {[%emt 0:04:07] White is clearly better.} gxf5 {[%emt 0:00:35] [#]} 15. Nc4 $146 ({Predecessor:} 15. Nf3 Qa5 16. h3 Nge5 17. Ng5 Rfb8 18. Qc2 Qa6 19. Qxf5 Qd3 20. Qe6+ Kh8 21. Rd1 {1-0 (52) Barp,A (2396)-Comai,S (1993) Caldaro 2019}) 15... Nb6 16. Nxb6 Qxb6 17. h3 (17. Qe2 $16) 17... Ne5 $14 18. f4 Nd7 (18... Nc4 $11) 19. Re1 $36 {[%emt 0:03:50][%mdl 2048] White has good play.} Rf7 20. Qd3 ({White should play} 20. Kh2 $16) 20... Qb4 21. Qb5 $2 {[%emt 0:12:52][%mdl 8192] This costs White the game.} (21. Bd2 $1 $14 {keeps the upper hand.}) 21... Bxc3 $19 22. Qc6 (22. Qxb4 $142 Bxb4 23. Rd1) 22... Bxe1 23. Qxa8+ Rf8 {[%emt 0:00:42] [#] ( -> ...Qe4+)} 24. Qa7 Qe4+ {[%emt 0:00:35] Weighted Error Value: White=1.28/Black=0.56} 0-1